 Dungeon Crawl Stone Soup version 0.29.1-12-g30fa7ad0bf (webtiles) character file.

Game seed: 8989679246118494344

1065 wormed the Covert (level 8, -3/100 HPs)
             Began as a Gnoll Delver on Dec 28, 2022.
             Was an Initiate of Okawaru.
             Succumbed to an orc wizard's poison
             ... on level 5 of the Dungeon.
             The game lasted 00:09:27 (5671 turns).

wormed the Covert (Gnoll Delver)                    Turns: 5671, Time: 00:09:27

Health: -3/100     AC: 28    Str: 18      XL:     8   Next: 27%
Magic:  10/12      EV:  9    Int:  9      God:    Okawaru [......]
Gold:   327        SH:  0    Dex: 14 (16) Spells: 13/13 levels left

rFire   . . .      SeeInvis .   u - +0 scimitar (holy)
rCold   . . .      Faith    .   (no shield)
rNeg    . . .      Spirit   +   h - +18 Lear's hauberk
rPois   .          Reflect  .   (helmet currently unavailable)
rElec   .          Harm     .   B - +0 cloak
rCorr   .          Rampage  .   (gloves currently unavailable)
Will    .....                   (boots currently unavailable)
Stlth   ..........              n - amulet of guardian spirit
HPRegen 0.26/turn               C - +6 ring of strength
MPRegen 0.13/turn               (no ring)

@: berserking, lethally poisoned (-3 -> -25), hasted, very quick
A: fangs 1, strong nose, distributed training
a: Renounce Religion


You were on level 5 of the Dungeon.
You worshipped Okawaru.
Okawaru was noncommittal.
You visited 2 branches of the dungeon, and saw 7 of its levels.

You collected 327 gold pieces.

Inventory:

Hand Weapons
 a - a +0 falchion
 u - a +0 scimitar of holy wrath (weapon)
Missiles
 s - 6 javelins
Armour
 h - the +18 Lear's hauberk (worn)
   (You found it on level 4 of the Dungeon)
 A - a +0 helmet
 B - a +0 cloak (worn)
Magical Staves
 r - a staff of fire
Jewellery
 n - an amulet of guardian spirit (around neck)
 C - a +6 ring of strength (left hand)
Wands
 e - a wand of light (4)
 g - a wand of digging (2)
 D - a wand of flame (6) (quivered)
Scrolls
 b - a scroll of noise {unknown}
 c - 2 scrolls of fog
 d - a scroll of magic mapping
 k - 6 scrolls of identify {unknown}
 l - a scroll of enchant armour {unknown}
 p - 2 scrolls of enchant weapon {unknown}
 t - 3 scrolls of teleportation {unknown}
 x - 2 scrolls of amnesia {unknown}
 y - a scroll of immolation {unknown}
 z - a scroll of torment {unknown}
Potions
 f - a potion of haste
 i - a potion of might {unknown}
 j - a potion of invisibility {unknown}
 m - a potion of ambrosia {unknown}
 o - 5 potions of heal wounds {unknown}
 q - a potion of berserk rage
 v - a potion of attraction {unknown}
 w - a potion of magic {unknown}
 E - a potion of mutation {unknown}
 F - a potion of curing {unknown}


   Skills:
 + Level 7.3 Fighting
 + Level 3.2 Short Blades
 + Level 5.6 Long Blades
 + Level 3.2 Axes
 + Level 3.2 Maces & Flails
 + Level 3.2 Polearms
 + Level 3.2 Staves
 + Level 3.2 Ranged Weapons
 + Level 3.2 Throwing
 + Level 3.2 Armour
 + Level 5.6 Dodging
 + Level 10.1 Stealth
 + Level 3.2 Shields
 + Level 3.2 Unarmed Combat
 + Level 3.2 Spellcasting
 + Level 2.6 Conjurations
 + Level 2.6 Hexes
 + Level 2.6 Summonings
 + Level 2.6 Necromancy
 + Level 2.6 Translocations
 + Level 2.6 Transmutations
 + Level 2.6 Fire Magic
 + Level 2.6 Ice Magic
 + Level 2.6 Air Magic
 + Level 2.6 Earth Magic
 + Level 2.6 Poison Magic
 + Level 3.5 Invocations
 + Level 3.2 Evocations


You had 13 spell levels left.
You didn't know any spells.
Your spell library contained the following spells:

 Spells                   Type           Power      Damage    Failure   Level
 Portal Projectile        Hex/Tloc       12%        N/A       98%         3
 Leda's Liquefaction      Hex/Erth       3%         N/A       100%        4
 Call Canine Familiar     Summ           Unusable   N/A       N/A         3

Dungeon Overview and Level Annotations

Branches:
Dungeon (6/15)             Temple (1/1) D:6

Altars:
Ashenzari
Cheibriados
Dithmenos
Elyvilon
Fedhas
Gozag
Hepliaklqana
Kikubaaqudgha
Makhleb
Okawaru
Qazlal
Ru
Sif Muna
Trog
Uskayaw
Wu Jian
Xom
Zin
The Shining One

Shops:
D:4 ?***

Annotations:
D:5 Eustachio


Innate Abilities, Weirdness & Mutations

You have very sharp teeth.
Your uncanny sense of smell can sniff out nearby items.
Your experience applies equally to all skills.


Message History

The bat hits you but does no damage.
You hear some strange, mumbled words.
A magic dart appears from out of thin air!
The magic dart hits you but does no damage.
You barely miss the rat.
You feel less confused.
* * * LOW HITPOINT WARNING * * *
You feel very sick. The bat closely misses you. The rat closely misses you.
Something hits you but does no damage.
You are more poisoned.
You slash the rat!
You kill the rat!
The rat's corpse disappears in a puff of smoke!
* * * LOW HITPOINT WARNING * * *
You feel very sick. The bat hits you but does no damage.
You slash something!
* * * LOW HITPOINT WARNING * * *
You feel very sick. The bat barely misses you.
You hear some strange, mumbled words.
A magic dart appears from out of thin air!
The magic dart hits you.
* * * LOW HITPOINT WARNING * * *
You barely miss something.
* * * LOW HITPOINT WARNING * * *
You feel very sick. The bat closely misses you.
The bat hits you but does no damage. Something hits you but does no damage.
You are more poisoned.
The bat closely misses you.
You are too berserk!
You miss something.
* * * LOW HITPOINT WARNING * * *
You feel very sick. The bat barely misses you.
Unknown command.
You closely miss something.
You die...

#......#.......##......##
#......#......†##......##
#..... #..<...>.........#
#.... #................#
#...# #..##...##......##
#...########...##......##
#...............#........
#........{......#........
#.....@b@)......#........
#...##'#####.####.####'##
#..)##..#########.##...##
#....b...#.....<...#...#.
#........#.........'...#.
#........#.........#...#.
#........#.........#...#.
#......###...###..###....
#......###...###..#######


You could see Eustachio and a bat (summoned).

Vanquished Creatures
  Prince Ribbit (D:5)
  Menkaure (D:5)
  An ice beast (D:5)
  A necrophage (D:4)
  A scorpion (D:5)
  A howler monkey (D:5)
  2 jellies
  2 hounds
  An orc priest (D:4)
  Crazy Yiuf (D:2)
  Jessica (D:2)
  4 iguanas
  9 adders
  3 gnolls (D:4)
  3 shadow imps (D:4)
  2 ufetubi (D:4)
  A dart slug (D:4)
  3 orcs (D:5)
  6 endoplasms
  8 hobgoblins
  7 jackals
  5 quokkas
  7 ball pythons
  3 bats
  3 frilled lizards
  10 goblins
  10 kobolds
  2 rats
99 creatures vanquished.

Notes
Turn   | Place    | Note
-------+----------+-------------------------------------------
     0 | D:5      | Reached skill level 9 in Stealth
     0 | D:5      | wormed the Gnoll Delver began the quest for the Orb.
     0 | D:5      | Reached XP level 1. HP: 23/23 MP: 1/1
     7 | D:4      | Found Huahuuck's General Store.
    11 | D:4      | Found the +18 Lear's hauberk
    61 | D:4      | Noticed a necrophage
   163 | D:3      | Found a bloodstained altar of Trog.
   199 | D:3      | Reached XP level 2. HP: 29/29 MP: 2/2
   347 | D:2      | Reached XP level 3. HP: 35/35 MP: 3/3
   583 | D:1      | Reached skill level 1 in Invocations
   676 | D:1      | Found a faded altar of an unknown god.
   808 | D:2      | Reached skill level 1 in Short Blades
   808 | D:2      | Reached skill level 1 in Axes
   808 | D:2      | Reached skill level 1 in Maces & Flails
   808 | D:2      | Reached skill level 1 in Polearms
   808 | D:2      | Reached skill level 1 in Staves
   808 | D:2      | Reached skill level 1 in Ranged Weapons
   808 | D:2      | Reached skill level 1 in Throwing
   808 | D:2      | Reached skill level 1 in Armour
   808 | D:2      | Reached skill level 1 in Shields
   808 | D:2      | Reached skill level 1 in Unarmed Combat
   808 | D:2      | Reached skill level 1 in Spellcasting
   808 | D:2      | Reached skill level 1 in Evocations
   864 | D:2      | Reached XP level 4. HP: 32/41 MP: 5/5
  1153 | D:4      | Reached skill level 1 in Conjurations
  1153 | D:4      | Reached skill level 1 in Hexes
  1153 | D:4      | Reached skill level 1 in Summonings
  1153 | D:4      | Reached skill level 1 in Necromancy
  1153 | D:4      | Reached skill level 1 in Translocations
  1153 | D:4      | Reached skill level 1 in Transmutations
  1153 | D:4      | Reached skill level 1 in Fire Magic
  1153 | D:4      | Reached skill level 1 in Ice Magic
  1153 | D:4      | Reached skill level 1 in Air Magic
  1153 | D:4      | Reached skill level 1 in Earth Magic
  1153 | D:4      | Reached skill level 1 in Poison Magic
  1167 | D:4      | Found Raus's Magic Scroll Emporium.
  1222 | D:4      | Found a transporter.
  1242 | D:4      | Found a transporter.
  1253 | D:4      | Found Gonlyfrafu's Assorted Antiques.
  1256 | D:4      | Reached XP level 5. HP: 47/47 MP: 7/7
  1325 | D:4      | Found Iquxuu's General Store.
  1405 | D:5      | Noticed Eustachio
  1420 | D:4      | Found Hullehent's Antique Armour Shoppe.
  1666 | D:4      | Reached XP level 6. HP: 25/53 MP: 8/8
  1978 | D:4      | Reached skill level 5 in Long Blades
  1978 | D:4      | Reached skill level 5 in Dodging
  2317 | D:5      | Noticed an ice beast
  2330 | D:5      | Killed an ice beast
  2437 | D:5      | Reached XP level 7. HP: 43/60 MP: 10/10
  2645 | D:5      | Found an ancient bone altar of Kikubaaqudgha.
  2646 | D:5      | Found a shimmering altar of Xom.
  2778 | D:5      | Noticed Prince Ribbit
  3050 | D:6      | Found a staircase to the Ecumenical Temple.
  3058 | Temple   | Entered the Ecumenical Temple
  3191 | Temple   | Became a worshipper of Warmaster Okawaru
  4117 | D:2      | Found a runed translucent door.
  4118 | D:2      | Noticed Crazy Yiuf
  4207 | D:2      | Reached skill level 10 in Stealth
  4349 | D:2      | Noticed Jessica
  4376 | D:2      | Killed Jessica
  4638 | D:2      | Killed Crazy Yiuf
  5543 | D:5      | Noticed Menkaure
  5546 | D:5      | Killed Menkaure
  5547 | D:5      | Reached XP level 8. HP: 67/67 MP: 12/12
  5567 | D:5      | Killed Prince Ribbit
  5669 | D:5      | HP: 5/100 [poisoned by an orc wizard]
  5670 | D:5      | HP: 1/100 [poisoned by an orc wizard]
  5671 | D:5      | Succumbed to an orc wizard's poison

Illustrated notes

Levels and vault maps discovered:
D:1:      eino_arrival_cavern_e, layout_loops_corners,
          hellmonk_ecumenical_altar_crossroads, ebering_dispersal_statue_hall
D:2:      layout_loops_corners, serial_glass, glass_columns_b, glass_columns_b,
          feat_on_display, feat_on_display, item_on_display_a, uniq_jessica,
          uniq_crazy_yiuf_cottage
D:3:      layout_basic, mainiacjoe_overflow_cross_hatched, minivault_25,
          grunt_decor_resistance, minmay_misc_feat_five
D:4:      gammafunk_wand_slinger, layout_cave_pools, serial_shops,
          nicolae_shop_statue_plus, shop, nicolae_shop_advertising_works
          [nicolae_subvault_shop_adworks], nicolae_lakefront_shop, shop,
          serial_glass, glass_columns_a, glass_columns_a, minmay_misc_feat_iff
D:5:      layout_gridville, gammafunk_temple_overflow_statue, uniq_eustachio,
          uniq_prince_ribbit1, uniq_menkaure
D:6:      layout_loops_corners, minmay_temple_entry_ruins, uniq_maggie
Temple:   eino_narrow_crystal_temple

Skill      XL: |  1  2  3  4  5  6  7 |
---------------+----------------------+-----
Stealth        | 10 | 10.1
Invocations    | 1 2 3 |  3.5
Short Blades   | 1 2 3 |  3.2
Axes           | 1 2 3 |  3.2
Maces & Flails | 1 2 3 |  3.2
Polearms       | 1 2 3 |  3.2
Staves         | 1 2 3 |  3.2
Ranged Weapons | 1 2 3 |  3.2
Throwing       | 1 2 3 |  3.2
Armour         | 1 2 3 |  3.2
Shields        | 1 2 3 |  3.2
Unarmed Combat | 1 2 3 |  3.2
Spellcasting   | 1 2 3 |  3.2
Evocations     | 1 2 3 |  3.2
Conjurations   | 1 2 |  2.6
Hexes          | 1 2 |  2.6
Summonings     | 1 2 |  2.6
Necromancy     | 1 2 |  2.6
Translocations | 1 2 |  2.6
Transmutations | 1 2 |  2.6
Fire Magic     | 1 2 |  2.6
Ice Magic      | 1 2 |  2.6
Air Magic      | 1 2 |  2.6
Earth Magic    | 1 2 |  2.6
Poison Magic   | 1 2 |  2.6
Long Blades    | 5 |  5.6
Dodging        | 5 |  5.6
Fighting       | 7 |  7.3

Action                   |  1- 3 |  4- 6 |  7- 9 || total
-------------------------+-------+-------+-------++-------
Melee: Falchion          |    89 |   126 |       ||   215
       Bite              |     9 |    15 |    18 ||    42
       Punch             |     1 |     3 |     2 ||     6
       Scimitar          |       |    18 |   169 ||   187
Evoke: Wand              |       |       |    18 ||    18
  Use: Scroll            |       |     1 |       ||     1
       Potion            |       |       |     2 ||     2
 Stab: Sleeping          |     2 |     1 |     4 ||     7
Armor: Chain mail        |    86 |   140 |   231 ||   457
Dodge: Dodged            |    30 |    70 |   116 ||   216
